 Dungeon Crawl Stone Soup version 0.27.1-33-g824d729ab1 (webtiles) character file.

Game seed: 9089200138172205486

184 Destapler the Skirmisher (level 5, -4/70 HPs)
             Began as a Draconian Berserker on Dec 7, 2021.
             Was a Believer of Trog.
             Killed by divine providence
             ... invoked by an orc priest
              (10 damage)
             ... on level 3 of the Dungeon.
             The game lasted 00:03:37 (2694 turns).

Destapler the Skirmisher (Draconian Berserker)      Turns: 2694, Time: 00:03:37

Health: -4/70      AC:  7    Str: 20    XL:     5   Next: 36%
Magic:  5/5        EV: 13    Int:  7    God:    Trog [**....]
Gold:   70         SH:  0    Dex: 11    Spells: 4/4 levels left

rFire    . . .     SeeInvis .   a - +0 spear
rCold    . . .     Faith    .   (no shield)
rNeg     . . .     Spirit   .   (armour unavailable)
rPois    .         Reflect  .   (helmet restricted)
rElec    .         Harm     .   m - +0 cloak
rCorr    .         Rampage  .   (no gloves)
Will     ++...                  d - +0 pair of boots
Stlth    ..........             (no amulet)
HPRegen  1.21/turn              (no ring)
MPRegen  0.09/turn              (no ring)

@: berserking, strong-willed, regenerating, very quick
A: AC +5, unfitting armour, cold-blooded
a: Renounce Religion, Berserk, Trog's Hand


You were on level 3 of the Dungeon.
You worshipped Trog.
Trog was pleased with you.
You visited 1 branch of the dungeon, and saw 3 of its levels.

You collected 70 gold pieces.

Inventory:

Hand Weapons
 a - a +0 spear (weapon)
Missiles
 i - 17 poisoned darts (quivered)
 o - 2 boomerangs
Armour
 d - a +0 pair of boots (worn)
 m - a +0 cloak (worn)
Scrolls
 b - 2 scrolls of identify {unknown}
 f - 3 scrolls of magic mapping {unknown}
 h - a scroll of noise {unknown}
 j - a scroll of enchant weapon {unknown}
 k - a scroll of amnesia {unknown}
 n - a scroll of enchant armour {unknown}
Potions
 c - a potion of cancellation {unknown}
 e - a potion of lignification {unknown}
 g - 2 potions of brilliance {unknown}
 l - a potion of heal wounds {unknown}


   Skills:
 + Level 4.6 Fighting
 + Level 4.3 Polearms
 + Level 3.9 Dodging


You had 4 spell levels left.
You didn't know any spells.
Your spell library was empty.

Dungeon Overview and Level Annotations

Branches:
Dungeon (3/15)

Altars:


Innate Abilities, Weirdness & Mutations

Your plain brown scales are hard. (AC +5)
You cannot fit into any form of body armour.
You are cold-blooded and may be slowed by cold attacks.


Message History

The orc priest mumbles some strange prayers to Beogh against you.
Beogh smites you!
* * * LOW HITPOINT WARNING * * *
You hit the orc.
You kill the orc!
Trog accepts your kill.
The orc priest calls down the wrath of Beogh upon you.
Beogh smites you!
* * * LOW HITPOINT WARNING * * *
You hear some strange, mumbled words.
Something tries to affect you, but you resist.
Your skin crawls.
You feel strong-willed.
A red film seems to cover your vision as you go berserk!
You feel yourself moving faster!
You feel mighty! Something hits you but does no damage.
You closely miss something. Something hits you but does no damage.
You closely miss something. You miss something.
Your tail-slap misses something.
Something hits you.
* * * LOW HITPOINT WARNING * * *
You hit something.
The orc priest looks satisfied for a moment.
The orc priest invokes the aid of Beogh against you.
Beogh smites you!
* * * LOW HITPOINT WARNING * * *
Something hits you but does no damage.
You miss something. You puncture something!
The orc priest casts a cantrip, but nothing happens.
Something barely misses you.
You barely miss something. You tail-slap something.
You feel the power of Trog in you as your rage grows.
Trog accepts your kill.
Trog appreciates your killing of a magic user.
Reactivating autopickup.
You feel a bit more experienced.
You closely miss the adder.
Your tail-slap misses the adder.
The orc priest mumbles some strange prayers to Beogh against you.
Beogh smites you!
You die...

.####.. .......
.......## ###
........## ##.. .#
#....###)#.
.####...#.#.##.
.#......##.####
#..#####.#.##...####
#o.SS@..#.#....#
#o####.........###
#.##........#
###.##.....##.#
#..........##.#####
#.#.###...<........
#.#..<.....##.#####
#.#####.......# #.#
####.####


You could see 2 orc priests and 2 adders.

Vanquished Creatures
  Natasha (thrice) (D:2)
  An orc wizard (D:3)
  2 adders
  2 worms (D:2)
  2 dart slugs
  3 orcs (D:3)
  2 ball pythons
  5 endoplasms
  2 giant cockroaches
  3 goblins
  5 hobgoblins
  6 jackals (D:1)
  2 quokkas (D:1)
  7 bats
  4 frilled lizards
  3 kobolds
  6 rats
58 creatures vanquished.

Notes
Turn   | Place    | Note
-------+----------+-------------------------------------------
     0 | D:1      | Destapler the Draconian Berserker began the quest for the
                  | Orb.
     0 | D:1      | Reached XP level 1. HP: 19/19 MP: 1/1
   279 | D:1      | Reached XP level 2. HP: 21/26 MP: 2/2
   337 | D:1      | Found a faded altar of an unknown god.
   785 | D:1      | Reached XP level 3. HP: 33/33 MP: 3/3
  1215 | D:2      | Noticed Natasha
  1222 | D:2      | Killed Natasha
  1369 | D:2      | Noticed Natasha
  1375 | D:2      | Killed Natasha
  1375 | D:2      | Reached ** piety under Trog
  1376 | D:2      | Reached XP level 4. HP: 40/40 MP: 4/4
  1673 | D:2      | Noticed Natasha
  1692 | D:2      | Killed Natasha
  2432 | D:3      | Reached XP level 5. HP: 47/47 MP: 5/5
  2690 | D:3      | HP: 3/70 [orc priest/divine providence (9)]
  2694 | D:3      | Killed from afar by an orc priest

Illustrated notes

Levels and vault maps discovered:
D:1:      psy_arrival_dodecagon, layout_basic,
          hellmonk_ecumenical_altar_crossroads, minmay_pentomino_v2
D:2:      layout_basic, minmay_misc_feat_columns, lemuel_flame_loot_1,
          uniq_natasha
D:3:      layout_loops_cross, okawaru_altar_gauntlet_db, led_sif_pool,
          uniq_crazy_yiuf_cottage

Skill      XL: |  1  2  3  4 |
---------------+-------------+-----
Dodging        | 3 |  3.9
Fighting       | 4 |  4.6
Polearms       | 4 |  4.3

Action                   |  1- 3 |  4- 6 || total
-------------------------+-------+-------++-------
Melee: Spear             |   109 |    97 ||   206
       Tailslap          |    10 |     9 ||    19
Invok: Berserk           |     2 |     2 ||     4
       Trog's Hand       |       |     1 ||     1
 Stab: Sleeping          |     2 |     1 ||     3
       Distracted        |       |     1 ||     1
Armor: Skin              |    37 |    23 ||    60
Dodge: Dodged            |    60 |    23 ||    83
